 Dungeon Crawl Stone Soup version 0.27-a0-1191-g601b473118 (webtiles) character file.

Game seed: 9379350873281373797

6594 st0uf the Geomancer (level 11, -3/57 HPs)
             Began as a Gargoyle Earth Elementalist on May 23, 2021.
             Slain by a stone giant (24 damage)
             ... on level 9 of the Dungeon.
             The game lasted 00:36:03 (11424 turns).

st0uf the Geomancer (Gargoyle Earth Elementalist)  Turns: 11424, Time: 00:36:05

Health: -3/57      AC: 16    Str: 11    XL:     11   Next: 2%
Magic:  5/24       EV: 11    Int: 20    God:
Gold:   419        SH:  5    Dex: 10    Spells: 17/28 levels left

rFire    . . .     SeeInvis .   w - +1 dagger (venom)
rCold    . . .     Faith    .   (no shield)
rNeg     + . .     Spirit   .   v - +0 steam dragon scales
rPois    ∞         Reflect  +   d - +0 helmet
rElec    +         Harm     .   c - +0 cloak
rCorr    .         Rampage  .   l - +0 pair of gloves
Will     .....                  (no boots)
Stlth    +++.......             a - amulet of reflection
HPRegen  0.19/turn              E - ring of wizardry
MPRegen  0.19/turn              (no ring)

@: no status effects
A: sickness immunity, AC +8, negative energy resistance 1, electricity
resistance, torment resistance 1, petrification resistance
a: no special abilities


You were on level 9 of the Dungeon.
You visited 2 branches of the dungeon, and saw 10 of its levels.

You collected 635 gold pieces.
You spent 216 gold pieces at shops.

Inventory:

Hand Weapons
 w - a +1 dagger of venom (weapon)
Missiles
 b - 84 stones
Armour
 c - a +0 cloak (worn)
 d - a +0 helmet (worn)
 l - a +0 pair of gloves (worn)
 s - a +2 robe of willpower
 v - +0 steam dragon scales (worn)
Jewellery
 a - an amulet of reflection (around neck)
 m - an amulet of magic regeneration
 A - a ring of poison resistance
 D - an amulet of guardian spirit
 E - a ring of wizardry (left hand)
Wands
 h - a wand of iceblast (21)
 z - a wand of paralysis (12)
Scrolls
 g - a scroll of identify
 n - a scroll of fog {unknown}
 o - 3 scrolls of fear {unknown}
 r - a scroll of vulnerability {unknown}
 t - a scroll of immolation {unknown}
 x - 2 scrolls of teleportation
 y - 3 scrolls of magic mapping
 F - a scroll of silence {unknown}
Potions
 e - a potion of degeneration
 f - a potion of invisibility
 i - 4 potions of curing
 j - 2 potions of might
 k - 4 potions of attraction
 p - 4 potions of heal wounds
 q - 3 potions of haste
 u - a potion of lignification {unknown}
 B - a potion of cancellation
 C - a potion of berserk rage


   Skills:
 + Level 2.0 Fighting
 - Level 1.5 Dodging
 + Level 4.7 Stealth
 + Level 9.0 Spellcasting
 * Level 9.7 Conjurations
 + Level 0.7 Transmutations
 + Level 11.2 Earth Magic


You had 17 spell levels left.
You knew the following spells:

 Your Spells              Type           Power      Damage    Failure   Level
a - Sandblast             Erth           100%       2d20      1%          1
b - Stone Arrow           Conj/Erth      100%       3d13      1%          3
c - Passwall              Tmut/Erth      26%        N/A       1%          2
d - Lee's Rapid Deconstr  Erth           26%        3d15*     1%          5

Your spell library contained the following spells:

 Spells                   Type           Power      Damage    Failure   Level
 Conjure Flame            Conj/Fire      28%        6-21      1%          3
 Mephitic Cloud           Conj/Pois/Air  22%        N/A       2%          3
 Petrify                  Tmut/Erth      32%        N/A       2%          4
 Poisonous Vapours        Pois/Air       18%        N/A       4%          2
 Ice Form                 Ice/Tmut       10%        N/A       26%         4
 Summon Ice Beast         Ice/Summ       9%         N/A       28%         4
 Freezing Cloud           Conj/Ice/Air   11%        6-21      73%         6
 Simulacrum               Ice/Necr       4%         N/A       98%         6
 Ozocubu's Refrigeration  Ice            4%         4d5       100%        7


Dungeon Overview and Level Annotations

Branches:
Dungeon (9/15)             Temple (1/1) D:5
   Lair: D:8-11         Orc: D:9-12

Altars:
Ashenzari
Cheibriados
Dithmenos
Elyvilon
Fedhas
Gozag
Hepliaklqana
Kikubaaqudgha
Nemelex Xobeh
Okawaru
Qazlal
Ru
Sif Muna
Trog
Wu Jian
Xom
Yredelemnul
Zin
The Shining One

Shops:
D:5 !   D:8 ?

Annotations:
D:7 Maggie


Innate Abilities, Weirdness & Mutations

You are immune to sickness and miasma.
Your stone body is resilient. (AC +8)
You are immune to poison.
You resist negative energy. (rN+)
You are resistant to electric shocks. (rElec)
You are resistant to unholy torment.
You are immune to petrification.


Message History

Aim: a stone giant, quivering large rocks (lightly wounded, 100% to hit)
The stone arrow hits the stone giant!
The stone giant is moderately wounded.
Unknown command.
Casting: Stone Arrow (safe; 1% risk of failure)
Confirm with . or Enter, or press ? or * to list all spells.
Aiming: Stone Arrow (safe; 1% risk of failure)
Press: ? - help, Shift-Dir - straight line, f/p - stone giant
Aim: a stone giant, quivering large rocks (moderately wounded, 100% to hit)
The stone arrow hits the stone giant!!
The stone giant is heavily wounded.
The stone giant hits you!!
Ouch! That really hurt!
Casting: Stone Arrow (safe; 1% risk of failure)
Confirm with . or Enter, or press ? or * to list all spells.
Aiming: Stone Arrow (safe; 1% risk of failure)
Press: ? - help, Shift-Dir - straight line, f/p - stone giant
Aim: a stone giant, quivering large rocks (heavily wounded, 100% to hit)
The stone arrow hits the stone giant.
The stone giant is heavily wounded.
The stone giant hits you.
Unknown command.
Casting: Stone Arrow (safe; 1% risk of failure)
Confirm with . or Enter, or press ? or * to list all spells.
Aiming: Stone Arrow (safe; 1% risk of failure)
Press: ? - help, Shift-Dir - straight line, f/p - stone giant
Aim: a stone giant, quivering large rocks (heavily wounded, 100% to hit)
The stone arrow hits the stone giant!
The stone giant is severely wounded.
The stone giant hits you.
Unknown command.
Casting: Stone Arrow (safe; 1% risk of failure)
Confirm with . or Enter, or press ? or * to list all spells.
Aiming: Stone Arrow (safe; 1% risk of failure)
Press: ? - help, Shift-Dir - straight line, f/p - stone giant
Aim: a stone giant, quivering large rocks (severely wounded, 100% to hit)
The stone arrow hits the stone giant!
The stone giant is severely wounded.
The stone giant hits you!!
You die...

#...................###
#...#########.......#..
#...# #.'.#...#.#'#
#...#########..........
#..>..........######.#.
#..#.....#..#.#.##.#.?.
#.........[...#.##.###'
#.....C...)...#.##.##..
#....#@...>...'........
#...............##.##..
#...###.......#.##.####
#.#.#.##'######.######
#...#<##... ##.≈....≈
#...'.##.#####...≈..≈.
#...#.##.####.≈..≈..≈.
#...#......##..≈..≈≈..
#...######.)÷..#######


You could see a stone giant.

Vanquished Creatures
  A centaur warrior (D:9)
  An ugly thing (D:7)
  2 hornets (D:9)
  2 wyverns (D:9)
  4 yaks (D:8)
  3 steam dragons
  2 acid dragons (D:9)
  3 water moccasins
  Duvessa (D:5)
  2 sky beasts
  4 orc warriors
  A necrophage (D:6)
  2 ogres
  5 centaurs
  Blork the orc (D:5)
  7 bullfrogs
  A scorpion (D:4)
  A water moccasin zombie (D:5)
  Dowan (D:5)
  A wight (D:9)
  5 howler monkeys
  2 centaur zombies (D:9)
  3 jellies
  2 bullfrog skeletons (D:6)
  5 hounds
  2 gnoll shamans
  5 orc priests
  3 iguanas
  5 orc wizards
  A killer bee zombie (D:5)
  A howler monkey zombie (D:9)
  Robin (D:2)
  8 adders
  8 gnolls
  2 shadow imps (D:6)
  3 white imps
  2 ufetubi
  An adder skeleton (D:5)
  3 dart slugs
  25 orcs
  8 bats
  10 endoplasms
  13 goblins
  8 hobgoblins
  4 jackals (D:3)
  7 quokkas
  5 ball pythons
  4 frilled lizards
  10 kobolds
  5 rats
206 creatures vanquished.

Vanquished Creatures (others)
  7 plants (D:5)
7 creatures vanquished.

Grand Total: 213 creatures vanquished

Notes
Turn   | Place    | Note
-------+----------+-------------------------------------------
     0 | D:1      | st0uf the Gargoyle Earth Elementalist began the quest for
                  | the Orb.
     0 | D:1      | Reached XP level 1. HP: 10/10 MP: 3/3
   527 | D:1      | Reached XP level 2. HP: 15/15 MP: 3/5
   650 | D:1      | Reached skill level 4 in Earth Magic
   654 | D:1      | You fall into a shaft and drop 1 floor!
   655 | D:2      | Noticed Robin
   971 | D:2      | Killed Robin
   972 | D:2      | Reached XP level 3. HP: 19/19 MP: 1/6
  1200 | D:2      | Reached skill level 1 in Conjurations
  1209 | D:2      | Learned a level 3 spell: Stone Arrow
  1328 | D:2      | Reached XP level 4. HP: 24/24 MP: 3/8
  3058 | D:3      | Reached XP level 5. HP: 23/28 MP: 6/9
  3122 | D:3      | Found a faded altar of an unknown god.
  3140 | D:3      | Reached skill level 5 in Earth Magic
  3747 | D:3      | Found a hazy altar of Hepliaklqana.
  4295 | D:4      | Found a broken altar of Ashenzari.
  4380 | D:4      | Reached skill level 1 in Fighting
  4380 | D:4      | Reached XP level 6. HP: 21/34 MP: 5/11
  4684 | D:4      | Reached skill level 6 in Earth Magic
  5171 | D:5      | Entered Level 5 of the Dungeon
  5428 | D:5      | Reached XP level 7. HP: 38/38 MP: 9/13
  5453 | D:5      | Noticed Dowan
  5460 | D:5      | Learned a level 2 spell: Passwall
  5461 | D:5      | Noticed Duvessa
  5478 | D:5      | Killed Duvessa
  5639 | D:5      | Found a shimmering altar of Xom.
  5711 | D:5      | Found a shimmering altar of Xom.
  5917 | D:5      | Found Ufega's Distillery.
  5936 | D:5      | Reached skill level 7 in Earth Magic
  6052 | D:5      | Reached skill level 5 in Spellcasting
  6198 | D:5      | Killed Dowan
  6199 | D:5      | Reached XP level 8. HP: 43/43 MP: 6/15
  6275 | D:5      | Noticed Blork the orc
  6278 | D:5      | Killed Blork the orc
  6535 | D:5      | Found a staircase to the Ecumenical Temple.
  6544 | Temple   | Entered the Ecumenical Temple
  7056 | D:6      | Found a white marble altar of Elyvilon.
  7207 | D:6      | Reached skill level 8 in Earth Magic
  7395 | D:6      | Reached skill level 5 in Conjurations
  7754 | D:6      | Reached XP level 9. HP: 47/47 MP: 11/18
  8072 | D:7      | Found a basalt altar of Yredelemnul.
  8142 | D:7      | Noticed Maggie
  8382 | D:7      | Reached skill level 9 in Earth Magic
  8556 | D:7      | Noticed a white ugly thing
  8563 | D:7      | Killed a white ugly thing
  8677 | D:7      | Found a blossoming altar of Fedhas.
  8830 | D:8      | Found a glowing golden altar of the Shining One.
  8886 | D:8      | Reached XP level 10. HP: 52/52 MP: 10/21
  8888 | D:8      | Reached skill level 10 in Earth Magic
  9476 | D:8      | Found Sot Lekh's Magic Scroll Shoppe.
  9487 | D:8      | Bought a scroll of teleportation for 48 gold pieces
  9487 | D:8      | Bought a scroll of identify for 32 gold pieces
  9487 | D:8      | Bought a scroll of identify for 32 gold pieces
  9487 | D:8      | Bought a scroll of identify for 32 gold pieces
  9487 | D:8      | Bought a scroll of magic mapping for 56 gold pieces
  9487 | D:8      | Bought a scroll of noise for 16 gold pieces
  9844 | D:9      | Found a stormy altar of Qazlal.
  9844 | D:9      | Found an ancient bone altar of Kikubaaqudgha.
  9844 | D:9      | Found a shadowy altar of Dithmenos.
 10154 | D:9      | HP: 2/53 [acid (12)]
 10696 | D:9      | Noticed a centaur warrior
 10703 | D:9      | Killed a centaur warrior
 10802 | D:9      | Learned a level 5 spell: Lee's Rapid Deconstruction
 10844 | D:9      | Reached skill level 11 in Earth Magic
 11018 | D:9      | Noticed a stone giant
 11315 | D:9      | Reached XP level 11. HP: 57/57 MP: 18/24
 11424 | D:9      | Slain by a stone giant

Illustrated notes

Levels and vault maps discovered:
D:1:      psy_arrival_basics, layout_basic, minmay_misc_feat_pillars
D:2:      layout_loops_ring, uniq_robin
D:3:      layout_loops_ring, lemuel_tele_altar,
          hellmonk_ecumenical_altar_arch_garden, minmay_close_crescents
D:4:      layout_loops_corners, ashenzari_altar_1, kennysheep_doodads,
          grunt_decor_resistance, st_stairs_2
D:5:      layout_basic, dk_xom_monty_hall, temple_hall, serial_shops,
          nicolae_shop_trees, amethyst_killhole, serial_bayou_pond_c,
          kennysheep_small_circle, uniq_duvessa, uniq_blork_the_orc
D:6:      minmay_razor_zed, layout_cave_pools, nicolae_overflow_crystal_walls
D:7:      layout_cave_pods, general_overflow_altar, lemuel_crystal_altar,
          kennysheep_mini, uniq_maggie
D:8:      layout_basic, tso_oasis_becter, serial_shops, nicolae_shop_trees,
          minivault_24, kennysheep_donut, hangedman_decor_slide_cut
D:9:      layout_stronghold, chequers_temple_overflow_statue_of_worship,
          nzn_random_ring
Temple:   jpeg_temple_island

Skill      XL: |  1  2  3  4  5  6  7  8  9 10 |
---------------+-------------------------------+-----
Earth Magic    | 4 5 6 7 8 9 11 | 11.2
Conjurations   | 1 2 3 5 7 9 |  9.7
Spellcasting   | 3 4 5 6 7 9 |  9.0
Fighting       | 1 2 |  2.0
Stealth        | 3 4 |  4.7
Dodging        | |  1.5
Transmutations | |  0.7

Action                   |  1- 3 |  4- 6 |  7- 9 | 10-12 || total
-------------------------+-------+-------+-------+-------++-------
Melee: Unarmed           |    44 |   174 |       |       ||   218
       Dagger            |       |       |    16 |    38 ||    54
 Cast: Sandblast         |    41 |    98 |    32 |    12 ||   183
       Stone Arrow       |       |     7 |    85 |    68 ||   160
  Use: Scroll            |       |       |       |    10 ||    10
 Stab: Sleeping          |       |     1 |       |       ||     1
Armor: Robe              |    29 |    94 |     6 |       ||   129
       Steam dragon scal |       |       |    10 |    51 ||    61
Dodge: Dodged            |    40 |   129 |    20 |    51 ||   240

Table legend: (Time is in decaauts)
 A = Elapsed time spent in this place.
 B = Non-inter-level travel time spent in this place.
 C = Inter-level travel time spent in this place.
 D = Time resting spent in this place.
 E = Time spent auto-exploring this place.
 F = Levels seen in this place.
 G = Mean time per level.
                   A        B        C        D        E       F      G
               +--------+--------+--------+--------+--------+-----+--------+
         Total |  11474 |  11179 |    295 |   2711 |   6608 |  10 | 1147.4 |
       Dungeon |  11205 |  10910 |    295 |   2711 |   6363 |   9 | 1245.0 |
        Temple |    269 |    269 |      0 |      0 |    244 |   1 |  269.0 |
               +--------+--------+--------+--------+--------+-----+--------+

Top non-repeatable levels by time:
     D:9: 1703 daAuts
     D:4: 1516 daAuts
     D:3: 1505 daAuts
     D:1: 1242 daAuts
     D:2: 1172 daAuts
     D:5: 1171 daAuts
     D:6: 1124 daAuts
     D:8: 945 daAuts
     D:7: 822 daAuts
  Temple: 269 daAuts
